 Dungeon Crawl Stone Soup version 0.31-a0-66-ge618eeaa78 (webtiles) character file.

Game seed: 8967928298566003708

134 Hades the Slasher (level 4, -1/34 HPs)
             Began as a Demonspawn Gladiator on May 23, 2023.
             Was an Initiate of Yredelemnul.
             Killed from afar by Sigmund (6 damage)
             ... with a magic dart
             ... on level 2 of the Dungeon.
             The game lasted 00:09:46 (1954 turns).

Hades the Slasher (Demonspawn Gladiator)            Turns: 1954, Time: 00:09:47

Health: -1/34      AC:  8    Str: 16    XL:     4   Next: 95%
Magic:  4/4        EV: 11    Int: 10    God:    Yredelemnul [......]
Gold:   73         SH: 13    Dex: 14    Spells: 3/3 levels left

rFire   . . .        a - +0 long sword
rCold   . . .        h - +1 kite shield
rNeg    . . .        k - +0 chain mail
rPois   .            (helmet restricted)
rElec   .            (no cloak)
rCorr   .            (no gloves)
SInv    .            (no boots)
Will    +....        i - amulet of reflection Stlth
                     g - ring of willpower
HPRegen 0.25/turn    (no ring)
MPRegen 0.09/turn

%: reflection
@: agile
A: antennae 1, powered by pain 1
a: Renounce Religion, Recall Undead Harvest


You were on level 2 of the Dungeon.
You worshipped Yredelemnul.
Yredelemnul was noncommittal.
You visited 1 branch of the dungeon, and saw 2 of its levels.

You collected 73 gold pieces.

Inventory:

Hand Weapons
 a - a +0 long sword (weapon)
 m - a +0 hammer
 q - a +4 quarterstaff of chaos
Missiles
 d - 3 throwing nets (quivered)
 e - a javelin
Armour
 b - a +0 leather armour
 c - a +0 helmet
 f - a +0 ring mail
 h - a +1 kite shield (worn)
 k - a +0 chain mail (worn)
Jewellery
 g - a ring of willpower (left hand)
 i - an amulet of reflection (around neck)
Scrolls
 o - a scroll of magic mapping
Potions
 j - a potion of mutation {unknown}
 l - a potion of curing {unknown}
 n - a potion of attraction {unknown}
 p - 3 potions of might {unknown}


   Skills:
 + Level 2.5 Fighting
 + Level 3.7 Long Blades
 + Level 1.8 Throwing
 + Level 1.6 Armour
 + Level 3.2 Dodging
 + Level 0.3 Stealth
 + Level 1.2 Shields


You had 3 spell levels left.
You didn't know any spells.
Your spell library was empty.

Dungeon Overview and Level Annotations

Branches:
Dungeon (2/15)

Altars:
Yredelemnul

Annotations:
D:2 Sigmund


Innate Abilities, Weirdness & Mutations

You have a pair of small antennae on your head.
You sometimes gain a little power by taking damage.


Message History

You enter the shallow water.
Moving in this stuff is going to be slow.
A giant cockroach comes into view.
Found a stone staircase leading down.
Sigmund the Dreaded comes into view.
He is wielding a +0 scythe.
Sigmund shouts!
Sigmund moves out of view.
You slash the giant cockroach!
You kill the giant cockroach!
The dead are walking!
Sigmund points at you and mumbles some strange words.
The puff of flame hits you.
Sigmund hits you from afar with a +0 scythe.
Sigmund hits you with a +0 scythe.
There is a stone staircase leading down here.
You slash Sigmund!
Sigmund is moderately wounded.
Your endoplasm zombie completely misses Sigmund.
Sigmund gestures wildly while chanting.
Sigmund flickers and vanishes!
Deactivating autopickup; reactivate with Ctrl-A.
You miss something. Something hits you.
You slash something! Something hits you!
You focus on the pain.
You feel agile all of a sudden.
You miss something. Something completely misses you.
You miss something. You block something's attack.
You closely miss something. Something hits you but does no damage.
You closely miss something. Something hits you.
You miss something. You barely miss something.
You hear some strange, mumbled words.
A puff of flame appears from out of thin air!
The puff of flame hits you. Something hits you!
* * * LOW HITPOINT WARNING * * *
You focus on the pain.
You feel more agile all of a sudden.
A magic dart appears from out of thin air!
The magic dart hits you.
You die...
Your body rises from the dead as a mindless zombie.

*,****,,,***** *,**,,,,,,,,,,
###########,*,*,,,,*#...
#.........#,,,,,~,,,#...
#.........#,..~~~~~,#...
#.........#...~~~♣~*#...
#.........#.♣~♣~~.P.#...
#....Z.......~~~♣♣..#...
#...{>.@......~~~.......
#....ZZ...#..P~~P.....[.
####+#..#.###....P####..
#.#..#.#...P...####..
#############.#...........)......
..............~..###.#.##.#......
#.########.##♣~♣####.#......####.
#.# #.#~PP~~...,#........... #.#
##..~~P~♣#####..._.......


You could see a friendly endoplasm zombie, a friendly giant cockroach zombie and
a friendly hobgoblin zombie.

Vanquished Creatures
  A scorpion (D:2)
  Crazy Yiuf (D:2)
  An adder (D:2)
  2 worms (D:2)
  A dart slug (D:1)
  2 endoplasms
  3 giant cockroaches
  A goblin (D:1)
  7 hobgoblins
  3 jackals (D:2)
  A quokka (D:1)
  A ball python (D:2)
  A bat (D:2)
  A frilled lizard (D:1)
  4 kobolds
  A rat (D:1)
31 creatures vanquished.

Notes
Turn   | Place    | Note
-------+----------+-------------------------------------------
     0 | D:1      | Hades the Demonspawn Gladiator began the quest for the Orb.
     0 | D:1      | Reached XP level 1. HP: 16/16 MP: 1/1
   488 | D:1      | Gained mutation: You have a pair of small antennae on your
                  | head. [demonic ancestry]
   488 | D:1      | Reached XP level 2. HP: 22/22 MP: 2/2
   654 | D:1      | You fall into a shaft and drop 1 floor!
   752 | D:2      | Found a basalt altar of Yredelemnul.
   794 | D:2      | Found a faded altar of an unknown god.
   830 | D:2      | Became a worshipper of Yredelemnul the Dark
   905 | D:2      | Noticed a scorpion
   921 | D:2      | Killed a scorpion
   922 | D:2      | Reached skill level 1 in Armour
   922 | D:2      | Reached skill level 1 in Shields
   922 | D:2      | Reached XP level 3. HP: 18/28 MP: 3/3
   922 | D:2      | Gained mutation: You sometimes gain a little power by
                  | taking damage. [demonic ancestry]
   922 | D:2      | Reached XP level 4. HP: 22/34 MP: 4/4
   934 | D:2      | Reached * piety under Yredelemnul
  1755 | D:2      | Found a runed translucent door.
  1756 | D:2      | Noticed Crazy Yiuf
  1763 | D:2      | Killed Crazy Yiuf
  1936 | D:2      | Noticed Sigmund
  1954 | D:2      | Killed from afar by Sigmund

Illustrated notes

Levels and vault maps discovered:
D:1:      dpeg_arrival_three_smaller_balls, layout_loops_ring,
          nicolae_figureground_sparkle
D:2:      layout_basic, basic_altar, serial_bayou, serial_bayou_pond_a,
          serial_bayou_pond_c, serial_bayou_ford_a, serial_bayou_lagoon_a,
          hellmonk_ecumenical_altar_inner_sanctum, uniq_sigmund,
          uniq_crazy_yiuf_cottage

Skill      XL: |  1  2 |
---------------+-------+-----
Long Blades    | 3 |  3.7
Dodging        | 3 |  3.2
Armour         | 1 |  1.6
Shields        | 1 |  1.2
Fighting       | |  2.5
Throwing       | |  1.8
Stealth        | |  0.3

Action                     |  1- 3 |  4- 6 || total
---------------------------+-------+-------++-------
  Melee: Long sword        |    70 |    68 ||   138
 Invoke: Recall Undead Har |       |     1 ||     1
    Use: Scroll            |       |     3 ||     3
   Stab: Distracted        |       |     1 ||     1
 Armour: Ring mail         |    25 |     8 ||    33
         Leather armour    |     1 |       ||     1
         Chain mail        |       |     2 ||     2
  Dodge: Dodged            |    34 |     8 ||    42
  Block: Kite shield       |    52 |    22 ||    74
         Reflection        |       |     4 ||     4

Table legend: (Time is in decaauts)
 A = Elapsed time spent in this place.
 B = Non-inter-level travel time spent in this place.
 C = Inter-level travel time spent in this place.
 D = Time resting spent in this place.
 E = Time spent auto-exploring this place.
 F = Levels seen in this place.
 G = Mean time per level.
                   A        B        C        D        E       F      G
               +--------+--------+--------+--------+--------+-----+--------+
         Total |   2051 |   1873 |    178 |     15 |      0 |   2 | 1025.5 |
       Dungeon |   2051 |   1873 |    178 |     15 |      0 |   2 | 1025.5 |
               +--------+--------+--------+--------+--------+-----+--------+

Top non-repeatable levels by time:
     D:2: 1165 daAuts
     D:1: 886 daAuts
